Map: Ascension to Aiur LE

Players

RiSky

  • Race: Zerg Zerg
  • League: Master
  • Spawn Location: 11:00

Awers - Winner!

  • Race: Terran Terran
  • League: Grandmaster
  • Spawn Location: 5:00

VOD

Have the link to the VOD?

Description

Time

  • Played on: May 30, 2017, 12:39 p.m.
  • Length: 28:26
Show
View Real Time Build Order
Export as new Build Order

RiSky Zerg 

Build Orders: Hatch First, Swarm Host 

Get SALT Encoding   

  12  0:00  Drone  
  13  0:12  Overlord  
  13  0:16  Drone  
  14  0:30  Drone x2  
  14  0:34  Drone  
  17  0:50  Hatchery  
  17  0:53  Drone  
  17  0:56  Drone  
  18  1:07  Extractor  
  17  1:11  Spawning Pool  
  17  1:14  Drone  
  17  1:17  Drone  
  18  1:27  Drone  
  19  1:38  Overlord  
  19  1:49  Drone  
  20  1:57  Queen  
  20  1:59  Zergling x2  
  23  2:01  Queen  
  23  2:02  Drone  
  26  2:10  Drone  
  26  2:12  Drone  
  28  2:23  Hatchery  
  28  2:26  Drone x2  
  29  2:30  Metabolic Boost  
  29  2:34  Drone  
  29  2:36  Drone  
  31  2:42  Overlord  
  31  2:46  Drone  
  32  2:53  Drone  
  32  2:57  Drone  
  34  3:06  Drone x3  
  34  3:08  Drone  
  34  3:11  Overlord  
  34  3:12  Drone x2  
  40  3:14  Queen  
  40  3:16  Queen  
  44  3:26  Overlord  
  44  3:30  Drone x2  
  44  3:31  Drone  
  47  3:35  Drone  
  47  3:36  Drone x3  
  51  3:43  Drone, Overlord  
  51  3:45  Queen  
  51  3:46  Drone  
  51  3:47  Drone  
  56  3:48  Zergling x2  
  56  3:49  Zergling x2  
  56  3:51  Drone  
  59  3:57  Drone  
  59  3:58  Queen  
  62  4:03  Drone  
  53  4:18  Drone x6  
  53  4:23  Drone  
  60  4:24  Drone, Queen  
  60  4:26  Drone x2  
  60  4:28  Drone  
  66  4:33  Spore Crawler  
  66  4:37  Overlord  
  66  4:38  Drone  
  66  4:39  Spore Crawler  
  66  4:40  Queen  
  66  4:41  Spore Crawler  
  66  4:44  Overlord  
  66  4:50  Evolution Chamber x2  
  66  4:52  Zergling x4  
  66  4:55  Drone  
  66  4:56  Drone x4  
  71  5:01  Drone x2  
  71  5:02  Drone  
  71  5:04  Drone x2  
  71  5:06  Drone, Baneling Nest  
  76  5:09  Drone  
  76  5:10  Overlord  
  77  5:16  Overlord  
  77  5:17  Zerg Melee Weapons Level 1  
  77  5:21  Zerg Ground Armor Level 1  
  77  5:24  Extractor  
  77  5:25  Extractor  
  77  5:26  Extractor  
  74  5:28  Overlord  
  74  5:29  Overlord  
  74  5:30  Drone x4  
  74  5:31  Drone, Extractor  
  74  5:32  Drone  
  74  5:33  Drone  
  74  5:34  Drone  
  81  5:36  Drone  
  81  5:42  Drone x6  
  88  5:44  Drone  
  88  5:45  Drone  
  88  5:48  Drone  
  91  5:55  Extractor, Hatchery  
  89  5:57  Drone  
  89  5:58  Drone  
  89  6:04  Lair  
  91  6:05  Zergling x4  
  91  6:06  Zergling x8  
  97  6:16  Zergling x10  
  93  6:26  Drone x3  
  93  6:27  Drone x2  
  98  6:33  Drone x2  
  98  6:38  Drone  
  101  6:41  Queen  
  101  6:43  Overlord x2  
  101  6:44  Overlord  
  102  6:48  Overlord  
  102  6:50  Drone  
  102  6:51  Overlord  
  102  6:59  Drone  
  100  7:01  Drone  
  100  7:02  Overseer  
  100  7:07  Infestation Pit  
  100  7:12  Zerg Melee Weapons Level 2, Centrifical Hooks  
  100  7:14  Drone x10  
  110  7:16  Extractor, Zerg Missile Weapons Level 1  
  110  7:20  Extractor  
  108  7:25  Zergling x2, Roach Warren  
  108  7:26  Zergling x2  
  108  7:27  Zergling x4  
  111  7:30  Hatchery  
  111  7:34  Zergling x14  
  117  7:46  Swarm Host  
  117  7:47  Swarm Host x4  
  117  7:49  Swarm Host x3  
  141  7:52  Overlord  
  141  7:53  Overlord  
  141  7:58  Swarm Host x3  
  141  8:01  Baneling  
  141  8:02  Baneling x7  
  149  8:06  Glial Reconstitution  
  149  8:07  Overlord  
  149  8:08  Overlord  
  149  8:14  Swarm Host x3  
  149  8:15  Swarm Host  
  149  8:18  Overlord  
  161  8:25  Swarm Host x2  
  167  8:32  Hive  
  166  8:35  Roach x4, Spire  
  173  8:42  Zergling x14  
  173  8:43  Zergling x4  
  173  8:47  Zergling x10  
  186  8:56  Zergling x16  
  188  9:06  Baneling x4  
  188  9:07  Baneling x6  
  183  9:18  Zergling x28  
  194  9:27  Overlord  
  188  9:58  Greater Spire  
  188  9:59  Adrenal Glands  
  180  10:11  Ravager x4  
  184  10:19  Zerg Missile Weapons Level 2, Zerg Melee Weapons Level 3  
  184  10:21  Corruptor x8  
  197  10:36  Baneling x7  
  197  10:37  Baneling x2  
  193  10:45  Zergling x2  
  193  10:46  Zergling x18  
  199  10:54  Zergling x12  
  199  11:03  Overlord  
  199  11:06  Baneling x2  
  199  11:07  Baneling x11  
  199  11:08  Extractor  
  198  11:14  Extractor  
  198  11:15  Overlord x5  
  198  11:16  Overlord x6  
  197  11:20  Baneling x4  
  197  11:21  Baneling x8  
  197  11:23  Hatchery  
  180  11:39  Corruptor x10  
  176  11:47  Drone x6  
  176  11:48  Drone, Spore Crawler  
  176  11:50  Drone  
  174  11:55  Drone x3  
  174  12:00  Drone x2  
  176  12:02  Drone  
  177  12:16  Roach x7  
  191  12:23  Zergling x10  
  191  12:28  Spine Crawler  
  191  12:29  Spine Crawler  
  190  12:37  Roach x5  
  197  12:50  Baneling x10  
  194  13:16  Pneumatized Carapace  
  194  13:17  Zerg Missile Weapons Level 3  
  194  13:18  Zerg Ground Armor Level 2  
  194  13:21  Viper x2  
  195  14:25  Spine Crawler  
  195  14:27  Drone x8  
  195  14:57  Zergling x2  
  195  14:58  Zergling x18  
  200  15:02  Spore Crawler x2  
  200  15:03  Spore Crawler  
  200  15:04  Spore Crawler x2  
  200  15:05  Spore Crawler  
  192  15:07  Spore Crawler  
  191  15:22  Extractor  
  191  15:24  Spine Crawler  
  191  15:25  Spine Crawler x2  
  191  15:26  Spine Crawler x2  
  184  15:28  Spine Crawler  
  170  15:49  Drone x2  
  175  15:50  Extractor  
  175  15:51  Drone  
  175  15:52  Drone  
  173  15:59  Viper x9  
  198  16:15  Evolution Chamber  
  198  16:16  Zerg Ground Armor Level 3  
  198  16:17  Overseer  
  198  16:18  Evolution Chamber x2  
  193  16:34  Corruptor  
  193  16:35  Corruptor x2  
  199  17:22  Hatchery  
  182  17:40  Zerg Flyer Weapons Level 1  
  182  17:41  Spire  
  171  17:55  Brood Lord x3, Corruptor x6  
  171  17:56  Brood Lord x2, Corruptor x3  
  199  18:00  Hatchery  
  199  18:01  Zergling x2  
  199  18:02  Zergling x2  
  156  18:50  Zergling x2  
  156  18:51  Zergling x46  
  156  18:52  Zergling x8  
  180  19:18  Corruptor  
  180  19:19  Corruptor x9  
  182  19:43  Baneling x9  
  182  19:47  Hatchery  
  161  20:20  Drone x14  
  161  20:21  Drone  
  175  20:28  Drone  
  175  20:29  Drone x2  
  177  20:49  Baneling x7  
  172  20:59  Drone x7  
  172  21:00  Drone x3  
  167  21:14  Hatchery  
  161  21:21  Roach x8  
  161  21:25  Baneling x4  
  169  21:32  Roach x2  
  172  21:37  Roach  
  172  21:43  Roach x2  
  175  21:49  Roach x2  
  178  22:09  Ravager x2  
  169  22:17  Roach  
  169  22:18  Roach x10  
  183  22:23  Roach x2  
  183  22:24  Roach  
  185  22:39  Hatchery  
  185  22:42  Viper  
  185  22:43  Roach  
  181  22:52  Drone x6  
  186  22:59  Drone x5  
  186  23:00  Drone  
  192  23:17  Viper x4  
  178  23:59  Zerg Flyer Weapons Level 2  
  178  24:00  Zerg Flyer Armor Level 1  
  171  24:02  Overseer  
  171  24:08  Viper x9  
  195  24:11  Roach x2  
  195  24:27  Roach x2  
  190  24:44  Drone  
  190  24:45  Drone x14  
  197  25:14  Roach x2  
  181  25:39  Viper  
  181  25:40  Viper x5  
  197  25:56  Hatchery  
  182  26:08  Zergling x32  
  198  26:13  Hatchery  
  192  26:31  Zergling x14  
  182  27:02  Corruptor  
  182  27:03  Corruptor x2  
  182  27:04  Zergling x2  
  182  27:05  Zergling x20  
  196  27:16  Zergling x6  
  199  27:33  Extractor x2  
  199  27:35  Zergling x30  
  199  27:36  Zergling x10  
  199  27:39  Baneling x2  
Show
View Real Time Build Order
Export as new Build Order

Awers Terran - Winner!

Build Orders: Hellion Opening, Reaper Expand, Mech 

Get SALT Encoding   

  12  0:00  SCV  
  13  0:12  SCV  
  14  0:17  Supply Depot  
  14  0:25  SCV  
  14  0:27  Refinery  
  15  0:38  SCV  
  16  0:44  Barracks  
  16  0:51  SCV  
  17  1:03  SCV  
  18  1:15  SCV  
  19  1:31  Orbital Command  
  19  1:32  Reaper  
  20  1:47  Command Center  
  20  1:59  Factory  
  20  2:04  SCV  
  21  2:10  Barracks Reactor  
  21  2:16  SCV  
  21  2:18  Supply Depot  
  22  2:28  SCV  
  23  2:36  Refinery  
  23  2:41  SCV  
  24  2:47  Starport  
  24  2:52  Hellion x2  
  24  2:53  SCV  
  29  2:59  Orbital Command  
  29  3:05  SCV  
  29  3:07  Barracks Tech Lab  
  30  3:13  Hellion  
  30  3:17  Hellion  
  30  3:18  SCV  
  35  3:27  SCV  
  35  3:31  Viking  
  35  3:32  SCV  
  39  3:40  SCV  
  40  3:44  Supply Depot, SCV  
  41  3:51  Hellion  
  41  3:52  Hellion  
  41  3:53  SCV  
  46  4:02  SCV  
  46  4:06  SCV  
  47  4:15  SCV, Raven  
  42  4:18  SCV  
  42  4:23  Command Center  
  43  4:27  SCV  
  43  4:28  Armory  
  43  4:29  Hellion  
  43  4:30  SCV  
  43  4:31  Hellion  
  49  4:38  Supply Depot  
  49  4:39  SCV  
  49  4:42  SCV  
  51  4:48  Factory  
  51  4:51  SCV  
  52  4:53  Barracks Tech Lab  
  52  4:55  Factory  
  52  4:57  SCV  
  52  4:59  Refinery  
  53  5:00  Refinery  
  53  5:03  SCV  
  54  5:09  SCV  
  55  5:15  SCV  
  55  5:16  Terran Vehicle Weapons Level 1  
  56  5:21  SCV  
  56  5:22  Hellion x2  
  56  5:27  SCV  
  62  5:33  Supply Depot  
  62  5:34  SCV  
  63  5:36  Orbital Command  
  63  5:44  SCV  
  63  5:45  Starport Reactor, Siege Tank x2  
  63  5:49  SCV  
  71  5:56  SCV  
  72  5:58  Hellion  
  72  5:59  Hellion  
  72  6:01  SCV  
  77  6:09  SCV  
  78  6:12  Refinery  
  78  6:13  SCV  
  78  6:14  Supply Depot  
  78  6:15  Factory  
  78  6:16  Refinery  
  79  6:23  SCV  
  79  6:24  Infernal Pre-Igniter  
  79  6:25  Orbital Command, SCV  
  77  6:29  Hellion x2  
  77  6:34  Factory  
  77  6:35  SCV  
  77  6:37  SCV  
  79  6:41  Starport Reactor  
  80  6:47  SCV  
  80  6:50  Thor, SCV  
  80  6:51  SCV  
  88  6:59  SCV  
  87  7:03  SCV x2  
  87  7:05  Supply Depot, Factory Tech Lab  
  87  7:06  Supply Depot  
  89  7:10  Supply Depot  
  89  7:11  SCV  
  89  7:13  Terran Vehicle Weapons Level 2  
  89  7:14  Supply Depot  
  89  7:15  SCV  
  91  7:16  SCV  
  92  7:23  SCV  
  92  7:24  Supply Depot  
  92  7:26  Thor  
  92  7:27  Medivac  
  92  7:28  SCV, Hellion x2  
  107  7:30  SCV  
  107  7:32  Supply Depot  
  107  7:33  Supply Depot  
  107  7:36  SCV  
  108  7:41  Thor  
  108  7:42  Supply Depot, Liberator x2  
  108  7:43  SCV, Engineering Bay  
  108  7:44  SCV  
  116  7:48  SCV  
  123  8:07  Armory  
  123  8:12  Supply Depot  
  123  8:13  Command Center  
  123  8:15  Thor  
  123  8:16  Widow Mine x3  
  135  8:20  Supply Depot x2  
  135  8:26  Thor  
  141  8:34  Missile Turret  
  141  8:39  Hellion x2  
  145  8:43  Supply Depot, Starport  
  145  8:44  Starport  
  145  8:50  Hellion x2  
  149  8:58  Siege Tank  
  149  9:05  Thor, Hellion  
  149  9:08  Hellion  
  149  9:09  Siege Tank  
  157  9:11  Hellion  
  157  9:15  SCV  
  154  9:19  Viking x2  
  154  9:20  Starport Tech Lab x2  
  152  9:46  Thor, Siege Tank  
  152  9:47  Hellion  
  152  9:50  Terran Ship Weapons Level 1  
  159  9:58  Hellion x3, Siege Tank  
  160  10:08  Refinery  
  160  10:10  Refinery  
  160  10:11  Terran Vehicle And Ship Armor Level 1  
  160  10:20  Thor  
  168  10:21  Hellion  
  168  10:24  Hellion  
  168  10:25  Hellion x2  
  173  10:29  Siege Tank  
  173  10:30  Hellion  
  167  10:51  Thor  
  162  10:58  Hellion x2  
  162  11:00  Raven  
  162  11:01  Siege Tank  
  171  11:13  Refinery  
  171  11:18  Raven  
  171  11:21  Missile Turret  
  173  11:29  Missile Turret  
  173  11:32  Siege Tank  
  172  11:33  Hellion  
  172  11:45  Siege Tank  
  172  11:46  Viking, Hellion  
  151  11:48  Viking  
  151  11:51  Viking  
  151  11:52  SCV  
  154  11:56  SCV  
  154  12:00  Refinery, Planetary Fortress  
  155  12:01  Banshee  
  155  12:07  Terran Ship Weapons Level 2  
  158  12:11  Widow Mine x2, Terran Vehicle And Ship Armor Level 2  
  158  12:13  SCV  
  160  12:16  SCV  
  160  12:19  SCV  
  160  12:20  Viking x2  
  166  12:24  Hellion x3  
  166  12:27  SCV  
  173  12:33  Corvid Reactor  
  169  12:37  Widow Mine x2  
  167  12:48  Widow Mine x2  
  171  12:55  Missile Turret, Raven  
  171  12:56  Viking  
  171  12:57  SCV x2  
  171  12:58  SCV  
  178  13:04  Viking  
  180  13:05  Raven  
  180  13:14  SCV  
  180  13:18  Hellion x3  
  187  13:26  Viking  
  183  13:34  Viking  
  183  13:39  Raven  
  187  13:46  Supply Depot, Starport  
  187  13:47  Starport  
  187  14:08  Viking, Hellion, Siege Tank  
  187  14:09  Viking  
  196  14:17  Command Center  
  196  14:19  Command Center  
  196  14:21  Viking  
  196  14:24  Starport Tech Lab x2  
  190  14:33  Raven  
  190  14:34  Hellion x2  
  190  14:37  Hellion  
  196  14:39  Hellion  
  196  14:50  Raven x2  
  200  15:20  Missile Turret  
  200  15:21  Missile Turret  
  200  15:22  Missile Turret  
  200  15:23  Terran Ship Weapons Level 3  
  200  15:24  Terran Vehicle And Ship Armor Level 3  
  200  15:33  Missile Turret  
  199  15:38  Raven  
  199  15:39  Raven  
  187  15:54  Hellion, Raven x2  
  188  16:01  Sensor Tower  
  188  16:02  Engineering Bay  
  188  16:04  Missile Turret x3  
  188  16:22  Raven  
  188  16:24  Missile Turret  
  188  16:34  Recalibrated Explosives  
  188  16:38  Refinery  
  188  16:40  Refinery  
  188  16:46  Raven  
  190  16:52  Planetary Fortress  
  190  16:57  Missile Turret  
  190  17:00  Missile Turret  
  190  17:06  Missile Turret  
  190  17:10  Raven x2  
  194  17:19  Missile Turret x2  
  194  17:22  Command Center  
  186  17:39  Raven x2  
  186  17:51  Missile Turret  
  186  17:57  Raven  
  188  18:00  Hellion x2, Terran Vehicle Weapons Level 3  
  188  18:01  Hellion  
  188  18:02  Orbital Command  
  194  18:16  Missile Turret  
  192  18:34  Raven x2  
  189  18:42  Raven  
  189  18:43  Orbital Command, Hellion x2  
  189  18:46  Command Center  
  195  18:51  Hellion x2  
  197  19:03  Raven  
  187  19:31  Raven x2  
  187  19:32  Hellion  
  187  19:33  Hellion  
  187  19:34  Thor  
  197  19:42  Hellion  
  197  19:44  Orbital Command  
  199  19:50  Command Center  
  190  20:16  Hellion x2  
  190  20:17  Hellion x3  
  190  20:18  Orbital Command  
  194  20:24  Refinery  
  194  20:28  Refinery  
  194  20:30  Raven x2  
  198  20:41  Missile Turret  
  198  20:47  Thor  
  196  21:04  Raven  
  196  21:08  Raven  
  185  21:13  Raven  
  187  21:22  Command Center  
  187  21:24  Hellion x3, Siege Tank  
  187  21:25  Hellion  
  198  21:44  Raven  
  190  22:05  Missile Turret  
  190  22:07  Missile Turret  
  190  22:09  Fusion Core  
  190  22:22  Raven x2  
  176  22:34  Command Center  
  176  22:38  Command Center  
  176  22:44  Raven  
  172  22:55  Hellion x3  
  172  22:57  Orbital Command  
  172  23:07  Battlecruiser  
  172  23:20  Hellion x4  
  172  23:21  Battlecruiser x2  
  186  23:55  Orbital Command  
  186  24:08  Battlecruiser  
  192  24:12  Battlecruiser  
  184  24:51  Orbital Command, Refinery  
  184  24:52  Thor x2  
  180  24:53  Missile Turret  
  180  24:55  Missile Turret  
  187  25:15  Battlecruiser  
  181  25:36  Orbital Command  
  181  25:40  Weapon Refit  
  181  25:48  Hellion x2  
  181  25:49  Hellion x2  
  181  25:57  Refinery  
  181  26:05  Hellion x3  
  181  26:10  Hellion x2  
  191  26:16  Missile Turret  
  189  26:47  Raven  
  189  26:49  Hellion x2  
  189  26:50  Battlecruiser  
  189  27:12  Raven x2  
Tags
 
Add a new tag
Caveats
  • Supply blocks, unpowered buildings, or Contaminate may cause inaccurate times.
  • Supply counts are checked every 10 seconds.